 Dungeon Crawl Stone Soup version 0.22.0 (webtiles) character file.

16608 Ellandar the Severer (level 12, -8/104 HPs)
             Began as a Minotaur Berserker on Oct 15, 2018.
             Was a High Priest of Trog.
             Mangled by a skeletal warrior
             ... wielding a +0 dire flail
             ... led by a skeletal warrior
              (12 damage)
             ... on level 11 of the Dungeon.
             The game lasted 01:05:56 (10204 turns).

Ellandar the Severer (Minotaur Berserker)          Turns: 10204, Time: 01:06:01

Health: -8/104     AC: 21    Str: 27    XL:     12   Next: 11%
Magic:  11/11      EV:  8    Int:  4    God:    Trog [*****.]
Gold:   858        SH:  0    Dex: 10    Spells: 11/11 levels left

rFire    . . .     SeeInvis .   G - +1 battleaxe (chop)
rCold    . . .     Gourm    +   (shield currently unavailable)
rNeg     . . .     Faith    .   p - +1 plate armour
rPois    .         Spirit   .   (helmet restricted)
rElec    .         Reflect  .   t - +0 cloak
rCorr    .         Harm     .   i - +0 pair of gloves
MR       .....                  y - +2 pair of boots
Stlth    ..........             A - amulet of the gourmand
HPRegen  0.27/turn              (no ring)
MPRegen  0.12/turn              (no ring)

@: confused, berserk cooldown, slowed, very slow
A: retaliatory headbutt, horns 2
a: Berserk, Trog's Hand, Brothers in Arms, Renounce Religion


You were on level 11 of the Dungeon.
You worshipped Trog.
Trog was extremely pleased with you.
You were very full.

You visited 1 branch of the dungeon, and saw 12 of its levels.

You collected 858 gold pieces.

Inventory:

Hand Weapons
 G - a +1 battleaxe of chopping (weapon)
 H - a +2 antimagic battleaxe
Armour
 i - a +0 pair of gloves (worn)
 p - a +1 plate armour (worn)
 t - a +0 cloak (worn)
 y - a +2 pair of boots (worn)
Jewellery
 a - a +4 amulet of reflection {unknown}
 s - an uncursed ring of stealth {unknown}
 A - an amulet of the gourmand (around neck)
Wands
 b - a wand of flame (65)
 u - a wand of digging (17)
 E - a wand of random effects (10)
Scrolls
 d - 5 scrolls of identify
 j - a scroll of magic mapping
 m - 2 scrolls of remove curse
 n - 9 scrolls of teleportation
 r - 2 scrolls of immolation {unknown}
 D - a scroll of acquirement {unknown}
Potions
 e - 3 potions of agility
 f - 2 potions of curing
 g - 3 potions of mutation {unknown}
 h - 3 potions of resistance
 k - 2 potions of brilliance {unknown}
 l - a potion of heal wounds {unknown}
 o - 2 potions of haste {unknown}
 q - a potion of degeneration {unknown}
 v - a potion of flight {unknown}
 w - a potion of lignification {unknown}
 x - 2 potions of ambrosia
 C - a potion of magic {unknown}
Comestibles
 c - 24 rations


   Skills:
 - Level 9.1 Fighting
 + Level 19.2 Axes
 - Level 8.6 Armour
 - Level 2.2 Dodging


You had 11 spell levels left.
You didn't know any spells.
Your spell library contained the following spells:

 Spells                   Type           Power        Failure   Level  Hunger
 Apportation              Tloc           #.....       99%         1    ##.....
 Summon Small Mammal      Summ           #...         99%         1    ##.....
 Animate Skeleton         Necr           N/A          99%         1    ##.....
 Confusing Touch          Hex            #.....       99%         1    ##.....


Dungeon Overview and Level Annotations

Branches:
Dungeon (12/15)            Temple (0/1) D:5            Lair (0/6) D:11
    Orc (0/2) D:10

Altars:
Ashenzari
Cheibriados
Dithmenos
Elyvilon
Gozag
Hepliaklqana
Okawaru
Qazlal
Ru
Sif Muna
Trog
Vehumet
Wu Jian
Yredelemnul
Zin

Shops:
D:8 }

Annotations:
D:6 exclusion: 2 downstairs
D:11 exclusions: electric eel and 24 more exclusions


Innate Abilities, Weirdness & Mutations

You reflexively headbutt those who attack you in melee.
You have a pair of horns on your head.


Message History

* * * LOW HITPOINT WARNING * * *
The slime creature barely misses you.
The slime creature hits you but does no damage.
The skeletal warrior hits you but does no damage.
You slash the slime creature!
The slime creature is almost dead.
You slice the slime creature!!
Your plate armour prevents you from hitting the skeletal warrior.
The slime creature hits you.
* * * LOW HITPOINT WARNING * * *
The slime creature hits you but does no damage.
The skeletal warrior hits you but does no damage.
It was a potion of ambrosia.
You are confused.
You feel invigorated.
The slime creature hits you but does no damage.
The slime creature hits you.
* * * LOW HITPOINT WARNING * * *
The skeletal warrior hits you with a dire flail!
You die...

#.## ##...# #.#####...#
######
..........###....############
..#######.##................#
### #..#..##.##########.# #
##.#...#.# #.#
#########......#.######## #.#
...>....#.#.#....z......# #.#
................@....##.# #.#
#######.#.##...#JJ......# #.#
# #.#.##.........#..###.#
#### #.#.###.#..#..........#
...# #.#.###.#.......#.#.###
##.# #.#.≈≈#.........#.#.###
#.# #.#≈≈≈≈....#....#.#...#
##.####.≈≈≈≈≈≈........#.###.#
........#≈≈≈<.(..###.##.###.#


You could see a skeletal warrior and 2 slime creatures.

Vanquished Creatures
  Harold (D:10)
  Erica (D:9)
  A two-headed ogre (D:8)
  2 tengu warriors (D:11)
  Pikel (D:9)
  An ugly thing (D:8)
  Maurice (D:9)
  A komodo dragon (D:10)
  Grinder (D:3)
  8 slime creatures (D:12)
  2 hippogriffs
  A water elemental (D:11)
  13 yaks
  A shadow (D:11)
  2 wyverns (D:10)
  A steam dragon (D:11)
  3 wraiths (D:7)
  2 hungry ghosts
  A porcupine (D:11)
  2 ice beasts
  Purgy (D:3)
  3 orc warriors
  3 phantoms
  A sky beast (D:9)
  5 black bears
  2 ogres (D:9)
  2 necrophages
  An eye of draining (D:8)
  9 centaurs
  4 bullfrogs
  2 scorpions
  A water moccasin skeleton (D:10)
  A troll zombie (D:7)
  7 wights
  6 killer bees (D:10)
  3 howler monkeys
  6 crimson imps
  A quasit (D:7)
  5 orc priests
  15 hounds
  2 human zombies (D:7)
  7 jellies
  4 orc wizards
  2 bullfrog skeletons
  A human skeleton (D:7)
  4 iguanas
  10 worker ants
  An ogre zombie (D:7)
  2 hound skeletons
  A hound zombie (D:8)
  2 howler monkey zombies
  3 mummies (D:7)
  10 gnolls
  11 adders
  3 shadow imps
  5 oozes (D:9)
  3 adder zombies
  An adder skeleton (D:5)
  3 worms
  A dart slug (D:4)
  6 leopard geckos
  38 orcs
  A ball python (D:1)
  7 bats
  5 giant cockroaches
  5 goblins
  10 hobgoblins
  11 jackals
  4 quokkas
  5 frilled lizards
  5 kobolds
  3 quokka skeletons
  3 rats
  2 plants (D:11)
305 creatures vanquished.

Vanquished Creatures (collateral kills)
  An ugly thing (D:11)
  A troll (D:11)
  5 yaks (D:11)
  An orc warrior (D:11)
  A sky beast (D:11)
  A howler monkey (D:11)
  2 orc priests (D:11)
12 creatures vanquished.

Vanquished Creatures (others)
  A hungry ghost (D:9)
  A slave (D:9)
  An orc priest (D:9)
  An adder (D:9)
  11 fungi (D:11)
  4 plants (D:11)
19 creatures vanquished.

Grand Total: 336 creatures vanquished

Notes
Turn   | Place    | Note
-------+----------+-------------------------------------------
     0 | D:1      | Ellandar the Minotaur Berserker began the quest for the Orb.
     0 | D:1      | Reached XP level 1. HP: 19/19 MP: 0/0
    82 | D:1      | Reached skill level 4 in Axes
    98 | D:1      | Reached XP level 2. HP: 27/27 MP: 1/1
   923 | D:2      | Found an ornate altar of the Wu Jian Council.
   981 | D:2      | Found a shattered altar of Ashenzari.
   998 | D:2      | Reached XP level 3. HP: 30/33 MP: 2/2
  1084 | D:2      | Found an opulent altar of Gozag.
  1114 | D:2      | Reached ** piety under Trog
  1877 | D:3      | Noticed Purgy
  1980 | D:3      | Noticed Grinder
  1999 | D:3      | Killed Purgy
  1999 | D:3      | Reached skill level 5 in Axes
  1999 | D:3      | Reached XP level 4. HP: 41/41 MP: 3/3
  1999 | D:3      | Reached XP level 5. HP: 47/47 MP: 4/4
  2057 | D:3      | Killed Grinder
  2057 | D:3      | Reached skill level 5 in Fighting
  2057 | D:3      | Reached skill level 6 in Axes
  2057 | D:3      | Reached XP level 6. HP: 34/56 MP: 5/5
  2128 | D:3      | Found a bloodstained altar of Trog.
  2154 | D:3      | Reached skill level 7 in Axes
  2493 | D:3      | Found a white marble altar of Elyvilon.
  2546 | D:3      | Found a shadowy altar of Dithmenos.
  2662 | D:3      | Found a sacrificial altar of Ru.
  2748 | D:4      | Found a radiant altar of Vehumet.
  2776 | D:4      | Reached XP level 7. HP: 62/62 MP: 6/6
  2823 | D:4      | Got a warped rapier
  2824 | D:4      | Identified the +4 rapier of Bodily Harmony {protect, rC+ Stlth+} (You found it on level 4 of the Dungeon)
  2957 | D:4      | Reached skill level 5 in Armour
  3302 | D:5      | Entered Level 5 of the Dungeon
  3323 | D:5      | Found a staircase to the Ecumenical Temple.
  3468 | D:5      | Found a hazy altar of Hepliaklqana.
  3487 | D:5      | Reached skill level 8 in Axes
  3732 | D:5      | Reached *** piety under Trog
  3809 | D:5      | Found a stormy altar of Qazlal.
  4081 | D:6      | Reached XP level 8. HP: 71/71 MP: 7/7
  4132 | D:6      | Reached skill level 9 in Axes
  5186 | D:6      | Found a glowing silver altar of Zin.
  5187 | D:6      | Noticed an angel
  5516 | D:7      | Reached skill level 10 in Axes
  5669 | D:7      | Reached XP level 9. HP: 78/81 MP: 8/8
  5676 | D:7      | Reached **** piety under Trog
  6016 | D:7      | Reached skill level 11 in Axes
  6056 | D:7      | Found a basalt altar of Yredelemnul.
  6299 | D:8      | Reached skill level 12 in Axes
  6311 | D:8      | Found Tualeic's Gadget Boutique.
  6374 | D:8      | Noticed a cyan ugly thing
  6388 | D:8      | Killed a cyan ugly thing
  6388 | D:8      | Reached XP level 10. HP: 19/91 MP: 2/9
  6776 | D:8      | Reached skill level 13 in Axes
  6857 | D:8      | Found an iron altar of Okawaru.
  6913 | D:8      | Found a snail-covered altar of Cheibriados.
  7026 | D:8      | Noticed a two-headed ogre
  7030 | D:8      | Killed a two-headed ogre
  7110 | D:8      | Reached skill level 14 in Axes
  7206 | D:9      | Noticed Erica
  7217 | D:9      | Killed Erica
  7217 | D:9      | Received a gift from Trog
  7232 | D:9      | Noticed Pikel
  7237 | D:9      | Killed Pikel
  7237 | D:9      | Reached skill level 15 in Axes
  7460 | D:9      | Reached ***** piety under Trog
  7499 | D:9      | Reached XP level 11. HP: 40/97 MP: 10/10
  7503 | D:9      | Reached skill level 16 in Axes
  8090 | D:9      | Noticed Maurice
  8102 | D:9      | Killed Maurice
  8176 | D:9      | Found a deep blue altar of Sif Muna.
  8333 | D:10     | Entered Level 10 of the Dungeon
  8523 | D:10     | Found a sacrificial altar of Ru.
  8593 | D:10     | Noticed Harold
  8600 | D:10     | Killed Harold
  8810 | D:10     | Found a staircase to the Orcish Mines.
  8841 | D:10     | Reached skill level 17 in Axes
  9146 | D:11     | Noticed a tengu warrior
  9148 | D:11     | Noticed a tengu warrior
  9430 | D:11     | Killed a tengu warrior
  9433 | D:11     | Killed a tengu warrior
  9440 | D:11     | Reached skill level 18 in Axes
  9445 | D:11     | Received a gift from Trog
  9451 | D:11     | Noticed a white ugly thing
  9453 | D:11     | Killed a white ugly thing
  9754 | D:11     | Found a staircase to the Lair.
 10178 | D:12     | Reached XP level 12. HP: 104/104 MP: 11/11
 10180 | D:12     | Reached skill level 19 in Axes
 10198 | D:12     | HP: 5/104 [slime creature (3)]
 10200 | D:11     | HP: 1/104 [skeletal warrior/dire flail[a skeletal warrior] (14)]
 10204 | D:11     | Mangled by a skeletal warrior

Skill      XL: |  1  2  3  4  5  6  7  8  9 10 11 12 |
---------------+-------------------------------------+-----
Axes           | 4 5 6 7 8 10 12 15 18 19 | 19.2
Fighting       | 4 5 6 7 9 |  9.1
Armour         | 3 4 5 7 8 |  8.6
Dodging        | |  2.2

Action                   |  1- 3 |  4- 6 |  7- 9 | 10-12 || total
-------------------------+-------+-------+-------+-------++-------
Melee: Hand axe          |    79 |       |       |       ||    79
       Headbutt          |     8 |     9 |    57 |    58 ||   132
       War axe           |    16 |    47 |   285 |       ||   348
       Battleaxe         |       |       |    28 |   317 ||   345
Invok: Berserk           |     2 |       |     5 |     8 ||    15
       Trog's Hand       |       |       |       |     1 ||     1
       Brothers in Arms  |       |       |       |     1 ||     1
  Use: Scroll            |     4 |     4 |     5 |     7 ||    20
       Potion            |       |       |     3 |     5 ||     8
  Eat: Chunk             |     4 |     4 |    11 |    23 ||    42
       Ration            |       |       |     2 |     1 ||     3
Armor: Animal skin       |     5 |       |       |       ||     5
       Ring mail         |     9 |       |       |       ||     9
       Chain mail        |    19 |    26 |   160 |    85 ||   290
       Plate armour      |       |       |       |   151 ||   151
Dodge: Dodged            |    54 |    18 |   145 |   132 ||   349
